Marlies vs Phantoms
(R1)
Created - November 9, 2024 at 19:29
Goals
|
Marlies |
1 |
3 |
2 |
6 |
Phantoms |
1 |
0 |
1 |
2 |
|
Shots
|
Marlies |
4 |
11 |
15 |
30 |
Phantoms |
12 |
10 |
5 |
27 |
|
1st period
1. Marlies , Mathieu Olivier 7 (Tyler Benson 4, Aleksi Saarela 5) at 12:14
2. Phantoms , Lucas Wallmarkk 3 (Sven Andrighetto 4) at 13:48
Penalties :
Rem Pitlick (Leh) for Roughing (Minor) at 6:15
2nd period
3. Marlies , Pierre-Olivier Joseph 2 (Aleksi Saarela 6) at 8:46 (PP)
4. Marlies , Aleksi Saarela 8 (Pierre-Olivier Joseph 12, Lucas Carlsson 8) at 13:00
5. Marlies , Martin Necas 8 (Matthew Highmore 4, Joel Farabee 7) at 17:24
Penalties :
Otto Koivula (Tor) for Hooking (Minor) at 3:30, Brett Murray (Leh) for Tripping (Minor) at 5:57, Brett Murray (Leh) for Interference (Minor) at 8:38, Matthew Highmore (Tor) for High sticking (Minor) at 11:46, Lucas Wallmarkk (Leh) for Slashing (Minor) at 12:22
3rd period
6. Marlies , Aleksi Saarela 9 (Tyler Benson 5) at 9:41
7. Marlies , Hugh McGing 1 (Rasmus Dahlin 5) at 14:57
8. Phantoms , Joe Snively 6 (Lucas Wallmarkk 4) at 18:43 (PP)
Penalties :
Matt Kiersted (Leh) for Slashing (Minor) at 3:36, Andrey Pedan (Leh) for Roughing (Minor) at 9:44, Mikko Lehtonen (Leh) for Delaying the game (Minor) at 15:12, Isac Lundestrom (Tor) for Tripping (Minor) at 18:36
Goalie Stats
Logan Thompson (Tor), 25 saves from 27 shots - (0.926), W, 3-1-0, 60:00 minutes
Zachary Fucale (Leh), 10 saves from 14 shots - (0.714), L, 1-6-2, 37:24 minutes
Kevin Lankinen (Leh), 14 saves from 16 shots - (0.875), 22:36 minutes
Players Stats for Marlies
Player Name G A P +/- PIM S H SB GA TA FO MP PP MP PK MP
------------------------------------------------------------------------------------
Aleksi Saarela 2 2 4 3 0 4 1 1 0 0 12/31 25:22 4:49 1:32
Alex Formenton 0 0 0 0 0 0 1 0 0 0 0/0 12:55 0:44 0:32
Arthur Kaliyev 0 0 0 1 0 0 1 0 0 0 0/0 6:10 0:13 0:00
Dennis Gilbert 0 0 0 0 0 0 0 0 1 0 0/0 10:56 0:24 0:26
Hugh McGing 1 0 1 1 0 4 1 0 0 0 1/1 5:56 0:00 0:00
Isac Lundestrom 0 0 0 0 2 0 0 0 0 1 0/3 12:35 0:31 0:13
Jacob Bernard-Docker 0 0 0 0 0 0 0 0 0 0 0/0 10:32 0:00 0:26
Joel Farabee 0 1 1 0 0 1 2 0 0 0 0/1 17:48 4:28 0:00
Keaton Thompson 0 0 0 1 0 0 1 2 0 1 0/0 19:45 4:44 1:00
Kole Sherwood 0 0 0 0 0 0 0 0 0 0 0/1 12:43 0:42 0:33
Lucas Carlsson 0 1 1 3 0 1 3 1 1 1 0/0 29:19 5:31 1:16
Martin Necas 1 0 1 0 0 4 4 0 0 2 3/5 19:06 4:49 0:24
Mathieu Olivier 1 0 1 2 0 6 1 0 0 0 2/2 20:11 5:14 0:24
Matthew Highmore 0 1 1 0 2 0 3 1 0 0 7/15 18:08 4:49 0:00
Otto Koivula 0 0 0 1 2 0 0 0 0 0 1/1 3:09 0:45 0:00
Pierre-Olivier Joseph 1 1 2 3 0 6 1 1 1 0 0/0 29:43 5:55 1:16
Rasmus Dahlin 0 1 1 1 0 2 1 0 1 1 0/0 19:45 4:44 1:00
Tyler Benson 0 2 2 3 0 2 3 0 0 2 3/5 21:49 4:53 1:46
Players Stats for Phantoms
Player Name G A P +/- PIM S H SB GA TA FO MP PP MP PK MP
------------------------------------------------------------------------------------
A.J. Greer 0 0 0 -1 0 0 0 0 0 0 1/1 12:41 0:00 1:47
Andrey Pedan 0 0 0 -1 2 1 2 0 0 0 0/0 25:57 0:00 5:29
Brett Murray 0 0 0 0 4 0 1 0 0 0 0/0 7:29 0:00 0:00
Cristoval Nieves 0 0 0 -2 0 2 4 0 2 1 6/14 18:43 0:53 3:33
David Kampf 0 0 0 -1 0 2 0 0 0 0 3/4 10:56 0:00 0:57
J.T. Brown 0 0 0 -2 0 0 0 0 0 0 0/0 15:03 0:00 2:14
Joe Snively 1 0 1 -1 0 3 1 0 2 0 1/2 16:47 1:49 0:02
Laurent Dauphin 0 0 0 0 0 4 2 0 0 0 3/7 7:30 0:00 0:00
Lucas Wallmarkk 1 1 2 0 2 3 4 1 0 0 20/33 22:31 1:48 6:07
Matt Kiersted 0 0 0 -2 2 2 1 1 1 0 0/0 18:21 0:00 3:09
Mikko Lehtonen 0 0 0 -1 2 1 3 2 0 1 0/0 22:19 1:53 1:12
Nick Sorensen 0 0 0 -1 0 2 1 0 0 0 0/0 11:12 0:53 0:00
Oliver Wahlstrom 0 0 0 0 0 1 0 0 0 0 0/0 7:30 0:00 0:00
Rem Pitlick 0 0 0 -2 2 1 2 1 1 1 0/0 14:08 0:53 0:00
Riley Stillman 0 0 0 -2 0 0 3 2 0 0 0/0 16:24 0:49 4:02
Rinat Valiev 0 0 0 -1 0 2 0 2 0 0 0/0 24:52 1:53 6:27
Sven Andrighetto 0 1 1 -1 0 2 0 1 2 1 2/4 23:20 1:49 6:38
Ty Smith 0 0 0 -1 0 1 3 0 0 0 0/0 12:08 0:49 0:59
3 Stars
1 - Aleksi Saarela (Tor)
2 - Pierre-Olivier Joseph (Tor)
3 - Tyler Benson (Tor)
Power Play
Marlies - 1 on 7 Attempt(s) - 14.29%
Phantoms - 1 on 3 Attempt(s) - 33.33%
Penalty Kill
Marlies - 2 on 3 Attempt(s) - 66.67%
- Score 0 goal in Penalty Kill
Phantoms - 6 on 7 Attempt(s) - 85.71%
- Score 0 goal in Penalty Kill
Team Stat
Marlies - Hits : 23 - Faceoff Wins : 29 - Blocked Shots : 6 - Penalty Minutes : 6
Phantoms - Hits : 27 - Faceoff Wins : 36 - Blocked Shots : 10 - Penalty Minutes : 14
Official
Referees : Dan O'Rourke and Chris Schlenker
Linesman : Ryan Galloway and Travis Toomey
Game Notes
Kevin Lankinen enters game at 17:24 of 2nd period
Finance
Level 1 -- Attendance: 1914 (95.70%) -- Ticket Income $133,980
Level 2 -- Attendance: 838 (83.80%) -- Ticket Income $33,520
Total Attendance: 2752 (91.73%)
Total Ticket Income: $167,500
Other Income: $8,375
Total Income: $175,875
Marlies
5 vs 5 Forward
Center Left Wing Right Wing Time % Phy DF OF
1 Aleksi Saarela Tyler Benson Mathieu Olivier 40 1 2 2
2 Matthew Highmore Joel Farabee Martin Necas 30 1 2 2
3 Isac Lundestrom Alex Formenton Kole Sherwood 20 1 2 2
4 Aleksi Saarela Hugh McGing Arthur Kaliyev 10 1 2 2
5 vs 5 Defense
Defense Defense Time % Phy DF OF
1 Pierre-Olivier Joseph Lucas Carlsson 40 1 2 2
2 Rasmus Dahlin Keaton Thompson 30 1 2 2
3 Dennis Gilbert Jacob Bernard-Docker 20 1 2 2
4 Pierre-Olivier Joseph Lucas Carlsson 10 1 2 2
PowerPlay Forward
Center Left Wing Right Wing Time % Phy DF OF
1 Aleksi Saarela Tyler Benson Mathieu Olivier 60 1 2 2
2 Matthew Highmore Joel Farabee Martin Necas 40 1 2 2
PowerPlay Defense
Defense Defense Time % Phy DF OF
1 Pierre-Olivier Joseph Lucas Carlsson 60 1 2 2
2 Rasmus Dahlin Keaton Thompson 40 1 2 2
Penalty Kill 4 Players Forward
Center Wing Time % Phy DF OF
1 Aleksi Saarela Tyler Benson 60 1 2 2
2 Mathieu Olivier Martin Necas 40 1 2 2
Penalty Kill 4 Players Defense
Defense Defense Time % Phy DF OF
1 Pierre-Olivier Joseph Lucas Carlsson 60 1 2 2
2 Rasmus Dahlin Keaton Thompson 40 1 2 2
Penalty Kill - 3 Players Forward
Forward Time % Phy DF OF
1 Aleksi Saarela 60 1 2 2
2 Tyler Benson 40 1 2 2
Penalty Kill - 3 Players Defense
Defense Defense Time % Phy DF OF
1 Pierre-Olivier Joseph Lucas Carlsson 60 1 2 2
2 Rasmus Dahlin Keaton Thompson 40 1 2 2
4 vs 4 Forward
Center Wing Time % Phy DF OF
1 Aleksi Saarela Tyler Benson 60 1 2 2
2 Mathieu Olivier Martin Necas 40 1 2 2
4 vs 4 Defense
Defense Defense Time % Phy DF OF
1 Pierre-Olivier Joseph Lucas Carlsson 60 1 2 2
2 Rasmus Dahlin Keaton Thompson 40 1 2 2
Last Minutes Offensive
Center Left Wing Right Wing Defense Defense
Aleksi Saarela Tyler Benson Mathieu Olivier Pierre-Olivier Joseph Lucas Carlsson
Last Minutes Defensive
Center Left Wing Right Wing Defense Defense
Aleksi Saarela Tyler Benson Mathieu Olivier Pierre-Olivier Joseph Lucas Carlsson
Goaltenders
Starting : Logan Thompson
Backup : Maxime Lagace
Extra Forwards
Normal : Otto Koivula, Alex Formenton, Kole Sherwood - PP : Otto Koivula, Alex Formenton - PK : Kole Sherwood
Extra Defensemen
Normal : Dennis Gilbert, Jacob Bernard-Docker, Rasmus Dahlin - PP : Dennis Gilbert - PK : Jacob Bernard-Docker, Rasmus Dahlin
Penalty Shots
Aleksi Saarela, Tyler Benson, Mathieu Olivier, Martin Necas, Joel Farabee
Custom OT Lines Forwards
Aleksi Saarela, Tyler Benson, Mathieu Olivier, Martin Necas, Joel Farabee, Alex Formenton, Kole Sherwood, Matthew Highmore, Hugh McGing, Isac Lundestrom
Custom OT Lines Defensemen
Pierre-Olivier Joseph, Lucas Carlsson, Rasmus Dahlin, Keaton Thompson, Dennis Gilbert
Scratches
Lias Andersson (Suspend), Jonathan Gruden (Healthy), Jakob Forsbacka-Karlsson (Healthy), Dmitri Samorukov (Healthy), Xavier Bernard (Healthy)
Jonathan Davidsson (Healthy), Jan Jenik (Healthy), Blake Murray (Healthy), Vasili Podkolzin (Healthy), Samuel Fagemo (Healthy)
Veini Vehvilainen (Healthy), Matthew Thiessen (Healthy)
Phantoms
5 vs 5 Forward
Center Left Wing Right Wing Time % Phy DF OF
1 Lucas Wallmarkk Joe Snively Sven Andrighetto 42 1 2 2
2 Cristoval Nieves J.T. Brown Rem Pitlick 33 1 2 2
3 David Kampf Nick Sorensen A.J. Greer 20 1 2 2
4 Laurent Dauphin Brett Murray Oliver Wahlstrom 5 1 2 2
5 vs 5 Defense
Defense Defense Time % Phy DF OF
1 Andrey Pedan Mikko Lehtonen 40 1 2 2
2 Rinat Valiev Matt Kiersted 30 1 2 2
3 Riley Stillman Ty Smith 20 1 2 2
4 Rinat Valiev Mikko Lehtonen 10 1 2 2
PowerPlay Forward
Center Left Wing Right Wing Time % Phy DF OF
1 Lucas Wallmarkk Joe Snively Sven Andrighetto 60 1 1 3
2 Cristoval Nieves Nick Sorensen Rem Pitlick 40 1 1 3
PowerPlay Defense
Defense Defense Time % Phy DF OF
1 Mikko Lehtonen Rinat Valiev 60 1 1 3
2 Riley Stillman Ty Smith 40 1 1 3
Penalty Kill 4 Players Forward
Center Wing Time % Phy DF OF
1 Lucas Wallmarkk Sven Andrighetto 60 1 4 0
2 Cristoval Nieves J.T. Brown 40 1 4 0
Penalty Kill 4 Players Defense
Defense Defense Time % Phy DF OF
1 Andrey Pedan Rinat Valiev 60 1 4 0
2 Riley Stillman Matt Kiersted 40 1 4 0
Penalty Kill - 3 Players Forward
Forward Time % Phy DF OF
1 Lucas Wallmarkk 60 1 2 2
2 J.T. Brown 40 1 2 2
Penalty Kill - 3 Players Defense
Defense Defense Time % Phy DF OF
1 Andrey Pedan Rinat Valiev 60 1 2 2
2 Riley Stillman Matt Kiersted 40 1 2 2
4 vs 4 Forward
Center Wing Time % Phy DF OF
1 Lucas Wallmarkk Joe Snively 60 1 2 2
2 Cristoval Nieves Sven Andrighetto 40 1 2 2
4 vs 4 Defense
Defense Defense Time % Phy DF OF
1 Andrey Pedan Rinat Valiev 60 1 2 2
2 Riley Stillman Matt Kiersted 40 1 2 2
Last Minutes Offensive
Center Left Wing Right Wing Defense Defense
Lucas Wallmarkk Joe Snively Sven Andrighetto Andrey Pedan Rinat Valiev
Last Minutes Defensive
Center Left Wing Right Wing Defense Defense
Lucas Wallmarkk J.T. Brown Sven Andrighetto Andrey Pedan Rinat Valiev
Goaltenders
Starting : Zachary Fucale
Backup : Kevin Lankinen
Extra Forwards
Normal : Joe Snively, Sven Andrighetto, Lucas Wallmarkk - PP : Joe Snively, Lucas Wallmarkk - PK : Lucas Wallmarkk
Extra Defensemen
Normal : Andrey Pedan, Rinat Valiev, Mikko Lehtonen - PP : Mikko Lehtonen - PK : Andrey Pedan, Rinat Valiev
Penalty Shots
Joe Snively, Sven Andrighetto, Nick Sorensen, Lucas Wallmarkk, Rem Pitlick
Custom OT Lines Forwards
Sven Andrighetto, Joe Snively, Lucas Wallmarkk, J.T. Brown, Cristoval Nieves, Rem Pitlick, Nick Sorensen, David Kampf, Oliver Wahlstrom, A.J. Greer
Custom OT Lines Defensemen
Andrey Pedan, Mikko Lehtonen, Rinat Valiev, Matt Kiersted, Riley Stillman
Scratches
Anthony Angello (Healthy), Blake Heinrich (Bruised Right Arm Injury), Benoit-Olivier Groulx (Healthy), Cooper Marody (Healthy), Morgan Klimchuk (Bruised Left Arm Injury)
Victor Berglund (Healthy), Fabian Zetterlund (Healthy), David Gustafsson (Healthy), Josiah Slavin (Healthy), Cam York (Healthy)
Kaedan Korczak (Healthy), Danil Zhuravlyov (Healthy), Alex Beaucage (Healthy), Arsen Khisamutdinov (Healthy), Jacob Ingham (Healthy)
Zachary Sawchenko (Healthy)
% Time on Ice - Marlies
Lines # - Real PCT - Wanted PCT - Time Play
Normal Forward
1 - 31% - 40% - 14:12
2 - 30% - 30% - 13:40
3 - 25% - 20% - 11:28
4 - 13% - 10% - 5:56
Normal Defense
1 - 42% - 40% - 18:59
2 - 31% - 30% - 13:58
3 - 22% - 20% - 9:59
4 - 5% - 10% - 2:20
PP Forward
1 - 49% - 60% - 5:14
2 - 51% - 40% - 5:25
PP Defense
1 - 56% - 60% - 5:55
2 - 44% - 40% - 4:44
PK Forward
1 - 85% - 60% - 2:18
2 - 15% - 40% - 0:24
PK Defense
1 - 63% - 60% - 1:42
2 - 37% - 40% - 1:00
PK3 Forward
1 - 0% - 60%
2 - 0% - 40%
PK3 Defense
1 - 0% - 60%
2 - 0% - 40%
44 Forward
1 - 84% - 60% - 1:10
2 - 16% - 40% - 0:13
44 Defense
1 - 96% - 60% - 1:20
2 - 4% - 40% - 0:03
Last Minute Offensive - 0:00
Last Minute Defensive - 0:00
Total
Forward - 60:00
Defense - 60:00
|
% Time on Ice - Phantoms
Lines # - Real PCT - Wanted PCT - Time Play
Normal Forward
1 - 32% - 42% - 14:38
2 - 29% - 33% - 13:09
3 - 22% - 20% - 9:59
4 - 17% - 5% - 7:30
Normal Defense
1 - 40% - 40% - 18:14
2 - 33% - 30% - 14:58
3 - 20% - 20% - 9:08
4 - 6% - 10% - 2:56
PP Forward
1 - 67% - 60% - 1:49
2 - 33% - 40% - 0:53
PP Defense
1 - 70% - 60% - 1:53
2 - 30% - 40% - 0:49
PK Forward
1 - 79% - 60% - 8:25
2 - 21% - 40% - 2:14
PK Defense
1 - 62% - 60% - 6:37
2 - 38% - 40% - 4:02
PK3 Forward
1 - 0% - 60%
2 - 0% - 40%
PK3 Defense
1 - 0% - 60%
2 - 0% - 40%
44 Forward
1 - 100% - 60% - 1:23
2 - 0% - 40% - 0:00
44 Defense
1 - 67% - 60% - 0:56
2 - 33% - 40% - 0:27
Last Minute Offensive - 0:00
Last Minute Defensive - 0:00
Total
Forward - 60:00
Defense - 60:00
|
Play-by-Play
1st period
0:01 of 1st period - Tyler Benson wins face-off versus Lucas Wallmarkk in neutral zone.
0:54 of 1st period - Snap shot by David Kampf.
0:54 of 1st period - Stopped by Logan Thompson without a rebound.
0:55 of 1st period - Hugh McGing wins face-off versus Laurent Dauphin in Marlies zone.
0:55 of 1st period - Hugh McGing is hit by Laurent Dauphin.
1:38 of 1st period - Slapshot by Joel Farabee.
1:38 of 1st period - Shot Misses the Net.
2:06 of 1st period - Snap shot by Aleksi Saarela.
2:06 of 1st period - Shot Misses the Net.
2:24 of 1st period - Snap shot by Alex Formenton.
2:24 of 1st period - Shot Misses the Net.
3:20 of 1st period - Snap shot by Rasmus Dahlin.
3:20 of 1st period - Stopped by Zachary Fucale without a rebound.
3:21 of 1st period - David Kampf wins face-off versus Isac Lundestrom in Phantoms zone.
3:26 of 1st period - Kole Sherwood is hit by Nick Sorensen and loses puck.
4:13 of 1st period - Snap shot by Cristoval Nieves.
4:13 of 1st period - Shot Hit the Post.
4:15 of 1st period - Wrist shot by Mikko Lehtonen.
4:15 of 1st period - Stopped by Logan Thompson without a rebound.
4:16 of 1st period - Cristoval Nieves wins face-off versus Martin Necas in Marlies zone.
4:45 of 1st period - Lucas Wallmarkk is hit by Tyler Benson and loses puck.
4:54 of 1st period - Wrist shot by Joe Snively.
4:54 of 1st period - Stopped by Logan Thompson with a rebound.
5:08 of 1st period - Snap shot by Sven Andrighetto.
5:08 of 1st period - Shot Misses the Net.
5:52 of 1st period - Snap shot by Oliver Wahlstrom.
5:52 of 1st period - Stopped by Logan Thompson without a rebound.
5:53 of 1st period - Matthew Highmore wins face-off versus Cristoval Nieves in Marlies zone.
5:53 of 1st period - Matthew Highmore is hit by Cristoval Nieves.
6:15 of 1st period - Minor Penalty to Rem Pitlick for Roughing.
6:16 of 1st period - Lucas Wallmarkk wins face-off versus Aleksi Saarela in Phantoms zone.
6:42 of 1st period - Andrey Pedan is hit by Matthew Highmore and loses puck.
8:15 of 1st period - Penalty to Rem Pitlick is over, Rem Pitlick is back on ice.
8:35 of 1st period - Wrist shot by Laurent Dauphin.
8:35 of 1st period - Stopped by Logan Thompson with a rebound.
8:37 of 1st period - Slapshot by Andrey Pedan.
8:37 of 1st period - Stopped by Logan Thompson with a rebound.
8:55 of 1st period - Hugh McGing is hit by Ty Smith and loses puck.
9:18 of 1st period - Dennis Gilbert is hit by Brett Murray and loses puck.
9:22 of 1st period - Icing by Dennis Gilbert.
9:23 of 1st period - Martin Necas wins face-off versus Laurent Dauphin in Marlies zone.
9:23 of 1st period - Martin Necas is hit by Laurent Dauphin.
9:40 of 1st period - Aleksi Saarela is hit by Mikko Lehtonen and loses puck.
9:55 of 1st period - Rem Pitlick is hit by Lucas Carlsson and loses puck.
10:19 of 1st period - Icing by Matthew Highmore.
10:20 of 1st period - Laurent Dauphin wins face-off versus Matthew Highmore in Marlies zone.
10:27 of 1st period - Wrist shot by Laurent Dauphin.
10:27 of 1st period - Stopped by Logan Thompson without a rebound.
10:28 of 1st period - Lucas Wallmarkk wins face-off versus Aleksi Saarela in Marlies zone.
10:37 of 1st period - Slapshot by Lucas Wallmarkk.
10:37 of 1st period - Shot Misses the Net.
11:02 of 1st period - Snap shot by Joe Snively.
11:02 of 1st period - Shot Misses the Net.
11:12 of 1st period - Snap shot by Lucas Wallmarkk.
11:12 of 1st period - Shot Misses the Net.
11:19 of 1st period - Icing by Lucas Carlsson.
11:20 of 1st period - Cristoval Nieves wins face-off versus Kole Sherwood in Marlies zone.
11:33 of 1st period - Snap shot by Rem Pitlick.
11:33 of 1st period - Shot Misses the Net.
11:35 of 1st period - Backhand shot by Ty Smith.
11:35 of 1st period - Stopped by Logan Thompson with a rebound.
12:08 of 1st period - Icing by Tyler Benson.
12:09 of 1st period - Aleksi Saarela wins face-off versus David Kampf in Marlies zone.
12:14 of 1st period - Snap shot by Mathieu Olivier.
12:14 of 1st period - Goal by Mathieu Olivier - Marlies : 1 - Phantoms : 0.
12:15 of 1st period - Tyler Benson wins face-off versus Joe Snively in neutral zone.
12:22 of 1st period - Wrist shot by Aleksi Saarela.
12:22 of 1st period - Shot Misses the Net.
12:49 of 1st period - Snap shot by Joel Farabee.
12:49 of 1st period - Shot Misses the Net.
13:09 of 1st period - Slapshot by Kole Sherwood.
13:09 of 1st period - Shot Blocked by Mikko Lehtonen.
13:19 of 1st period - David Kampf is hit by Arthur Kaliyev and loses puck.
13:44 of 1st period - Dennis Gilbert is hit by Lucas Wallmarkk.
13:48 of 1st period - Snap shot by Lucas Wallmarkk.
13:48 of 1st period - Goal by Lucas Wallmarkk - Marlies : 1 - Phantoms : 1.
13:49 of 1st period - Lucas Wallmarkk wins face-off versus Tyler Benson in neutral zone.
13:51 of 1st period - Sven Andrighetto is hit by Tyler Benson and loses puck.
14:34 of 1st period - Off-side.
14:35 of 1st period - A.J. Greer wins face-off versus Isac Lundestrom in neutral zone.
14:43 of 1st period - Rinat Valiev is hit by Rasmus Dahlin and loses puck.
15:00 of 1st period - Slapshot by Mathieu Olivier.
15:00 of 1st period - Stopped by Zachary Fucale with a rebound.
15:04 of 1st period - Slapshot by Tyler Benson.
15:04 of 1st period - Shot Misses the Net.
15:06 of 1st period - Slapshot by Tyler Benson.
15:06 of 1st period - Shot Misses the Net.
15:08 of 1st period - Snap shot by Mathieu Olivier.
15:08 of 1st period - Stopped by Zachary Fucale with a rebound.
15:10 of 1st period - Slapshot by Tyler Benson.
15:10 of 1st period - Shot Hit the Post.
15:50 of 1st period - Snap shot by Laurent Dauphin.
15:50 of 1st period - Stopped by Logan Thompson with a rebound.
16:32 of 1st period - Wrist shot by David Kampf.
16:32 of 1st period - Shot Misses the Net.
16:42 of 1st period - Mathieu Olivier is hit by Cristoval Nieves and loses puck.
17:22 of 1st period - Wrist shot by Brett Murray.
17:22 of 1st period - Shot Blocked by Aleksi Saarela.
17:24 of 1st period - Backhand shot by Andrey Pedan.
17:24 of 1st period - Shot Blocked by Keaton Thompson.
17:54 of 1st period - Alex Formenton is hit by Joe Snively and loses puck.
18:00 of 1st period - Off-side.
18:01 of 1st period - Otto Koivula wins face-off versus Lucas Wallmarkk in neutral zone.
18:14 of 1st period - Slapshot by Tyler Benson.
18:14 of 1st period - Shot Blocked by Riley Stillman.
18:20 of 1st period - Tyler Benson is hit by Riley Stillman.
18:35 of 1st period - Mikko Lehtonen is hit by Matthew Highmore and loses puck.
19:02 of 1st period - David Kampf is hit by Alex Formenton and loses puck.
19:19 of 1st period - Wrist shot by Nick Sorensen.
19:19 of 1st period - Stopped by Logan Thompson without a rebound.
19:20 of 1st period - Lucas Wallmarkk wins face-off versus Tyler Benson in Marlies zone.
19:21 of 1st period - Wrist shot by Sven Andrighetto.
19:21 of 1st period - Stopped by Logan Thompson with a rebound.
19:45 of 1st period - Keaton Thompson is hit by Rem Pitlick and loses puck.
19:52 of 1st period - Wrist shot by Rem Pitlick.
19:52 of 1st period - Deflect By Keaton Thompson.
19:52 of 1st period - Shot Misses the Net.
19:52 of 1st period - Puck is out of play.
19:53 of 1st period - Aleksi Saarela wins face-off versus Cristoval Nieves in Marlies zone.
Goals for this period are 1 for Marlies vs 1 for Phantoms.
Shots for this period are 4 for Marlies vs 12 for Phantoms.
2nd period
0:01 of 2nd period - Lucas Wallmarkk wins face-off versus Aleksi Saarela in neutral zone.
0:01 of 2nd period - Andrey Pedan is hit by Tyler Benson and loses puck.
0:28 of 2nd period - Snap shot by Martin Necas.
0:28 of 2nd period - Stopped by Zachary Fucale without a rebound.
0:29 of 2nd period - Cristoval Nieves wins face-off versus Matthew Highmore in Phantoms zone.
0:49 of 2nd period - Off-side.
0:50 of 2nd period - Lucas Wallmarkk wins face-off versus Aleksi Saarela in neutral zone.
1:29 of 2nd period - Slapshot by Rinat Valiev.
1:29 of 2nd period - Stopped by Logan Thompson with a rebound.
1:39 of 2nd period - Matthew Highmore is hit by Matt Kiersted and loses puck.
3:14 of 2nd period - Rinat Valiev is hit by Matthew Highmore and loses puck.
3:30 of 2nd period - Minor Penalty to Otto Koivula for Hooking.
3:31 of 2nd period - Lucas Wallmarkk wins face-off versus Aleksi Saarela in Marlies zone.
3:33 of 2nd period - Wrist shot by Lucas Wallmarkk.
3:33 of 2nd period - Stopped by Logan Thompson with a rebound.
4:45 of 2nd period - Alex Formenton is hit by Lucas Wallmarkk and loses puck.
5:30 of 2nd period - Penalty to Otto Koivula is over, Otto Koivula is back on ice.
5:49 of 2nd period - Snap shot by Mathieu Olivier.
5:49 of 2nd period - Stopped by Zachary Fucale without a rebound.
5:50 of 2nd period - Aleksi Saarela wins face-off versus Laurent Dauphin in Phantoms zone.
5:50 of 2nd period - Aleksi Saarela is hit by Mikko Lehtonen.
5:57 of 2nd period - Minor Penalty to Brett Murray for Tripping.
5:58 of 2nd period - Lucas Wallmarkk wins face-off versus Aleksi Saarela in Phantoms zone.
6:10 of 2nd period - Slapshot by Pierre-Olivier Joseph.
6:10 of 2nd period - Shot Blocked by Lucas Wallmarkk.
6:12 of 2nd period - Snap shot by Mathieu Olivier.
6:12 of 2nd period - Deflect By Aleksi Saarela.
6:12 of 2nd period - Shot Misses the Net.
6:12 of 2nd period - Puck is out of play.
6:13 of 2nd period - Tyler Benson wins face-off versus Lucas Wallmarkk in Phantoms zone.
6:24 of 2nd period - Slapshot by Pierre-Olivier Joseph.
6:24 of 2nd period - Shot Misses the Net.
6:26 of 2nd period - Snap shot by Aleksi Saarela.
6:26 of 2nd period - Shot Misses the Net.
6:28 of 2nd period - Snap shot by Tyler Benson.
6:28 of 2nd period - Deflect By Mathieu Olivier.
6:28 of 2nd period - Shot Misses the Net.
6:28 of 2nd period - Puck is out of play.
6:29 of 2nd period - Matthew Highmore wins face-off versus Lucas Wallmarkk in Phantoms zone.
6:32 of 2nd period - Slapshot by Pierre-Olivier Joseph.
6:32 of 2nd period - Stopped by Zachary Fucale without a rebound.
6:33 of 2nd period - Lucas Wallmarkk wins face-off versus Joel Farabee in Phantoms zone.
6:40 of 2nd period - Snap shot by Joel Farabee.
6:40 of 2nd period - Deflect By Matthew Highmore.
6:40 of 2nd period - Shot Blocked by Sven Andrighetto.
6:40 of 2nd period - Puck is out of play.
6:41 of 2nd period - Lucas Wallmarkk wins face-off versus Aleksi Saarela in Phantoms zone.
7:57 of 2nd period - Penalty to Brett Murray is over, Brett Murray is back on ice.
8:38 of 2nd period - Minor Penalty to Brett Murray for Interference.
8:39 of 2nd period - Aleksi Saarela wins face-off versus Lucas Wallmarkk in Phantoms zone.
8:46 of 2nd period - Snap shot by Pierre-Olivier Joseph.
8:46 of 2nd period - Goal by Pierre-Olivier Joseph - Marlies : 2 - Phantoms : 1.
8:47 of 2nd period - Sven Andrighetto wins face-off versus Aleksi Saarela in neutral zone.
8:52 of 2nd period - Mathieu Olivier is hit by Andrey Pedan and loses puck.
9:13 of 2nd period - Pierre-Olivier Joseph is hit by Cristoval Nieves and loses puck.
9:40 of 2nd period - Wrist shot by David Kampf.
9:40 of 2nd period - Stopped by Logan Thompson without a rebound.
9:41 of 2nd period - Mathieu Olivier wins face-off versus Lucas Wallmarkk in Marlies zone.
9:52 of 2nd period - Snap shot by Sven Andrighetto.
9:52 of 2nd period - Stopped by Logan Thompson with a rebound.
10:07 of 2nd period - Icing by Matt Kiersted.
10:08 of 2nd period - Matthew Highmore wins face-off versus Lucas Wallmarkk in Phantoms zone.
10:09 of 2nd period - Slapshot by Martin Necas.
10:09 of 2nd period - Shot Misses the Net.
10:14 of 2nd period - Off-side.
10:15 of 2nd period - Martin Necas wins face-off versus Cristoval Nieves in neutral zone.
10:42 of 2nd period - Wrist shot by Tyler Benson.
10:42 of 2nd period - Stopped by Zachary Fucale with a rebound.
10:44 of 2nd period - Snap shot by Mathieu Olivier.
10:44 of 2nd period - Shot Misses the Net.
11:24 of 2nd period - Slapshot by Joel Farabee.
11:24 of 2nd period - Deflect By Martin Necas.
11:24 of 2nd period - Stopped by Zachary Fucale without a rebound.
11:25 of 2nd period - Cristoval Nieves wins face-off versus Matthew Highmore in Phantoms zone.
11:36 of 2nd period - Snap shot by Cristoval Nieves.
11:36 of 2nd period - Stopped by Logan Thompson with a rebound.
11:38 of 2nd period - Snap shot by Matt Kiersted.
11:38 of 2nd period - Stopped by Logan Thompson with a rebound.
11:46 of 2nd period - Minor Penalty to Matthew Highmore for High sticking.
11:47 of 2nd period - Aleksi Saarela wins face-off versus Lucas Wallmarkk in Marlies zone.
12:02 of 2nd period - Snap shot by Lucas Wallmarkk.
12:02 of 2nd period - Stopped by Logan Thompson without a rebound.
12:03 of 2nd period - Aleksi Saarela wins face-off versus Lucas Wallmarkk in Marlies zone.
12:22 of 2nd period - Minor Penalty to Lucas Wallmarkk for Slashing.
12:23 of 2nd period - Sven Andrighetto wins face-off versus Aleksi Saarela in Phantoms zone.
13:00 of 2nd period - Snap shot by Aleksi Saarela.
13:00 of 2nd period - Goal by Aleksi Saarela - Marlies : 3 - Phantoms : 1.
13:01 of 2nd period - Aleksi Saarela wins face-off versus Sven Andrighetto in neutral zone.
13:42 of 2nd period - Wrist shot by Pierre-Olivier Joseph.
13:42 of 2nd period - Stopped by Zachary Fucale without a rebound.
13:43 of 2nd period - Martin Necas wins face-off versus Sven Andrighetto in Phantoms zone.
13:44 of 2nd period - Slapshot by Mathieu Olivier.
13:44 of 2nd period - Shot Blocked by Rinat Valiev.
13:46 of 2nd period - Penalty to Matthew Highmore is over, Matthew Highmore is back on ice.
14:10 of 2nd period - Sven Andrighetto is hit by Mathieu Olivier and loses puck.
14:22 of 2nd period - Penalty to Lucas Wallmarkk is over, Lucas Wallmarkk is back on ice.
14:23 of 2nd period - A.J. Greer is hit by Pierre-Olivier Joseph and loses puck.
15:23 of 2nd period - Icing by Mathieu Olivier.
15:24 of 2nd period - Laurent Dauphin wins face-off versus Aleksi Saarela in Marlies zone.
15:25 of 2nd period - Wrist shot by Oliver Wahlstrom.
15:25 of 2nd period - Shot Misses the Net.
15:47 of 2nd period - Kole Sherwood is hit by Lucas Wallmarkk and loses puck.
16:02 of 2nd period - Nick Sorensen is hit by Joel Farabee and loses puck.
16:42 of 2nd period - Off-side.
16:43 of 2nd period - David Kampf wins face-off versus Matthew Highmore in neutral zone.
16:52 of 2nd period - Wrist shot by David Kampf.
16:52 of 2nd period - Shot Misses the Net.
16:58 of 2nd period - Snap shot by Joel Farabee.
16:58 of 2nd period - Shot Blocked by Matt Kiersted.
17:12 of 2nd period - Icing by Jacob Bernard-Docker.
17:13 of 2nd period - Matthew Highmore wins face-off versus Cristoval Nieves in Marlies zone.
17:20 of 2nd period - Snap shot by Martin Necas.
17:20 of 2nd period - Stopped by Zachary Fucale with a rebound.
17:22 of 2nd period - Slapshot by Martin Necas.
17:22 of 2nd period - Shot Blocked by Mikko Lehtonen.
17:24 of 2nd period - Slapshot by Matthew Highmore.
17:24 of 2nd period - Deflect By Martin Necas.
17:24 of 2nd period - Goal by Martin Necas - Marlies : 4 - Phantoms : 1.
17:24 of 2nd period - Kevin Lankinen enters game.
17:25 of 2nd period - Mathieu Olivier wins face-off versus Lucas Wallmarkk in neutral zone.
17:32 of 2nd period - Slapshot by Pierre-Olivier Joseph.
17:32 of 2nd period - Stopped by Kevin Lankinen with a rebound.
17:47 of 2nd period - Icing by Mikko Lehtonen.
17:48 of 2nd period - Lucas Wallmarkk wins face-off versus Matthew Highmore in Phantoms zone.
17:53 of 2nd period - Snap shot by Cristoval Nieves.
17:53 of 2nd period - Stopped by Logan Thompson without a rebound.
17:54 of 2nd period - Matthew Highmore wins face-off versus Cristoval Nieves in Marlies zone.
17:54 of 2nd period - Matthew Highmore is hit by Cristoval Nieves.
18:02 of 2nd period - Snap shot by Rem Pitlick.
18:02 of 2nd period - Stopped by Logan Thompson without a rebound.
18:03 of 2nd period - Aleksi Saarela wins face-off versus Lucas Wallmarkk in Marlies zone.
19:20 of 2nd period - Wrist shot by Rinat Valiev.
19:20 of 2nd period - Stopped by Logan Thompson with a rebound.
19:27 of 2nd period - Icing by Pierre-Olivier Joseph.
19:28 of 2nd period - Lucas Wallmarkk wins face-off versus Aleksi Saarela in Marlies zone.
19:39 of 2nd period - Snap shot by Joe Snively.
19:39 of 2nd period - Shot Misses the Net.
Goals for this period are 3 for Marlies vs 0 for Phantoms.
Shots for this period are 11 for Marlies vs 10 for Phantoms.
3rd period
0:01 of 3rd period - Lucas Wallmarkk wins face-off versus Aleksi Saarela in neutral zone.
0:31 of 3rd period - Rem Pitlick is hit by Lucas Carlsson and loses puck.
1:24 of 3rd period - Wrist shot by Laurent Dauphin.
1:24 of 3rd period - Stopped by Logan Thompson without a rebound.
1:25 of 3rd period - Laurent Dauphin wins face-off versus Matthew Highmore in Marlies zone.
1:26 of 3rd period - Snap shot by Oliver Wahlstrom.
1:26 of 3rd period - Shot Blocked by Matthew Highmore.
1:28 of 3rd period - Slapshot by Ty Smith.
1:28 of 3rd period - Deflect By Brett Murray.
1:28 of 3rd period - Shot Misses the Net.
1:28 of 3rd period - Puck is out of play.
1:29 of 3rd period - Matthew Highmore wins face-off versus Laurent Dauphin in Marlies zone.
1:34 of 3rd period - Slapshot by Pierre-Olivier Joseph.
1:34 of 3rd period - Shot Blocked by Riley Stillman.
2:04 of 3rd period - Wrist shot by Joe Snively.
2:04 of 3rd period - Shot Misses the Net.
2:33 of 3rd period - Pierre-Olivier Joseph is hit by Mikko Lehtonen.
3:01 of 3rd period - Backhand shot by Joe Snively.
3:01 of 3rd period - Deflect By Rasmus Dahlin.
3:01 of 3rd period - Shot Misses the Net.
3:01 of 3rd period - Puck is out of play.
3:02 of 3rd period - Aleksi Saarela wins face-off versus Cristoval Nieves in Marlies zone.
3:26 of 3rd period - Sven Andrighetto is hit by Martin Necas and loses puck.
3:31 of 3rd period - Slapshot by Joel Farabee.
3:31 of 3rd period - Stopped by Kevin Lankinen with a rebound.
3:36 of 3rd period - Minor Penalty to Matt Kiersted for Slashing.
3:37 of 3rd period - Aleksi Saarela wins face-off versus Lucas Wallmarkk in Phantoms zone.
3:37 of 3rd period - Pierre-Olivier Joseph is hit by Lucas Wallmarkk and loses puck.
4:08 of 3rd period - Off-side.
4:09 of 3rd period - Aleksi Saarela wins face-off versus Cristoval Nieves in neutral zone.
4:12 of 3rd period - Slapshot by Rasmus Dahlin.
4:12 of 3rd period - Shot Misses the Net.
4:24 of 3rd period - Snap shot by Rasmus Dahlin.
4:24 of 3rd period - Stopped by Kevin Lankinen with a rebound.
4:38 of 3rd period - Off-side.
4:39 of 3rd period - Cristoval Nieves wins face-off versus Matthew Highmore in neutral zone.
4:52 of 3rd period - Wrist shot by Cristoval Nieves.
4:52 of 3rd period - Shot Blocked by Pierre-Olivier Joseph.
5:36 of 3rd period - Penalty to Matt Kiersted is over, Matt Kiersted is back on ice.
6:04 of 3rd period - Lucas Carlsson is hit by Riley Stillman and loses puck.
6:23 of 3rd period - Snap shot by Joe Snively.
6:23 of 3rd period - Stopped by Logan Thompson without a rebound.
6:24 of 3rd period - Lucas Wallmarkk wins face-off versus Aleksi Saarela in Marlies zone.
6:45 of 3rd period - Rasmus Dahlin is hit by Rem Pitlick and loses puck.
6:52 of 3rd period - Cristoval Nieves is hit by Joel Farabee and loses puck.
7:41 of 3rd period - Icing by Lucas Carlsson.
7:42 of 3rd period - Cristoval Nieves wins face-off versus Aleksi Saarela in Marlies zone.
8:07 of 3rd period - Slapshot by Pierre-Olivier Joseph.
8:07 of 3rd period - Shot Misses the Net.
8:42 of 3rd period - Slapshot by Tyler Benson.
8:42 of 3rd period - Shot Blocked by Rem Pitlick.
8:46 of 3rd period - Snap shot by Mathieu Olivier.
8:46 of 3rd period - Shot Misses the Net.
9:00 of 3rd period - Snap shot by Mathieu Olivier.
9:00 of 3rd period - Stopped by Kevin Lankinen with a rebound.
9:02 of 3rd period - Backhand shot by Pierre-Olivier Joseph.
9:02 of 3rd period - Deflect By J.T. Brown.
9:02 of 3rd period - Stopped by Kevin Lankinen with a rebound.
9:39 of 3rd period - Wrist shot by Aleksi Saarela.
9:39 of 3rd period - Shot Blocked by Rinat Valiev.
9:41 of 3rd period - Snap shot by Aleksi Saarela.
9:41 of 3rd period - Goal by Aleksi Saarela - Marlies : 5 - Phantoms : 1.
9:42 of 3rd period - Lucas Wallmarkk wins face-off versus Matthew Highmore in neutral zone.
9:44 of 3rd period - Minor Penalty to Andrey Pedan for Roughing.
9:45 of 3rd period - Lucas Wallmarkk wins face-off versus Martin Necas in Phantoms zone.
9:45 of 3rd period - Lucas Wallmarkk is hit by Keaton Thompson.
9:50 of 3rd period - Rasmus Dahlin is hit by Ty Smith and loses puck.
10:01 of 3rd period - Wrist shot by Lucas Wallmarkk.
10:01 of 3rd period - Shot Blocked by Keaton Thompson.
11:44 of 3rd period - Penalty to Andrey Pedan is over, Andrey Pedan is back on ice.
12:01 of 3rd period - Dennis Gilbert is hit by Ty Smith and loses puck.
12:17 of 3rd period - Icing by Ty Smith.
12:18 of 3rd period - Matthew Highmore wins face-off versus Cristoval Nieves in Phantoms zone.
12:35 of 3rd period - Lucas Carlsson is hit by Andrey Pedan and loses puck.
13:36 of 3rd period - Rem Pitlick is hit by Hugh McGing and loses puck.
13:57 of 3rd period - Snap shot by Alex Formenton.
13:57 of 3rd period - Shot Misses the Net.
14:51 of 3rd period - Snap shot by Hugh McGing.
14:51 of 3rd period - Stopped by Kevin Lankinen with a rebound.
14:53 of 3rd period - Wrist shot by Hugh McGing.
14:53 of 3rd period - Stopped by Kevin Lankinen with a rebound.
14:55 of 3rd period - Wrist shot by Hugh McGing.
14:55 of 3rd period - Stopped by Kevin Lankinen with a rebound.
14:57 of 3rd period - Snap shot by Hugh McGing.
14:57 of 3rd period - Goal by Hugh McGing - Marlies : 6 - Phantoms : 1.
14:58 of 3rd period - Lucas Wallmarkk wins face-off versus Aleksi Saarela in neutral zone.
15:01 of 3rd period - Wrist shot by Aleksi Saarela.
15:01 of 3rd period - Stopped by Kevin Lankinen with a rebound.
15:05 of 3rd period - Snap shot by Aleksi Saarela.
15:05 of 3rd period - Stopped by Kevin Lankinen with a rebound.
15:07 of 3rd period - Snap shot by Tyler Benson.
15:07 of 3rd period - Stopped by Kevin Lankinen with a rebound.
15:09 of 3rd period - Wrist shot by Mathieu Olivier.
15:09 of 3rd period - Stopped by Kevin Lankinen without a rebound.
15:10 of 3rd period - Lucas Wallmarkk wins face-off versus Aleksi Saarela in Phantoms zone.
15:12 of 3rd period - Minor Penalty to Mikko Lehtonen for Delaying the game.
15:13 of 3rd period - Aleksi Saarela wins face-off versus Lucas Wallmarkk in Phantoms zone.
15:19 of 3rd period - Snap shot by Aleksi Saarela.
15:19 of 3rd period - Shot Misses the Net.
15:21 of 3rd period - Slapshot by Lucas Carlsson.
15:21 of 3rd period - Stopped by Kevin Lankinen with a rebound.
15:25 of 3rd period - Slapshot by Pierre-Olivier Joseph.
15:25 of 3rd period - Stopped by Kevin Lankinen without a rebound.
15:26 of 3rd period - Lucas Wallmarkk wins face-off versus Aleksi Saarela in Phantoms zone.
15:26 of 3rd period - Lucas Wallmarkk is hit by Aleksi Saarela.
15:52 of 3rd period - Sven Andrighetto is hit by Martin Necas and loses puck.
16:01 of 3rd period - Riley Stillman is hit by Martin Necas and loses puck.
17:12 of 3rd period - Penalty to Mikko Lehtonen is over, Mikko Lehtonen is back on ice.
17:21 of 3rd period - Brett Murray is hit by Lucas Carlsson and loses puck.
17:48 of 3rd period - Slapshot by Nick Sorensen.
17:48 of 3rd period - Stopped by Logan Thompson with a rebound.
17:50 of 3rd period - Slapshot by Matt Kiersted.
17:50 of 3rd period - Stopped by Logan Thompson with a rebound.
18:25 of 3rd period - Snap shot by David Kampf.
18:25 of 3rd period - Shot Blocked by Lucas Carlsson.
18:27 of 3rd period - Backhand shot by Mikko Lehtonen.
18:27 of 3rd period - Deflect By David Kampf.
18:27 of 3rd period - Shot Misses the Net.
18:27 of 3rd period - Puck is out of play.
18:28 of 3rd period - David Kampf wins face-off versus Isac Lundestrom in Marlies zone.
18:36 of 3rd period - Minor Penalty to Isac Lundestrom for Tripping.
18:37 of 3rd period - Lucas Wallmarkk wins face-off versus Aleksi Saarela in Marlies zone.
18:43 of 3rd period - Snap shot by Joe Snively.
18:43 of 3rd period - Goal by Joe Snively - Marlies : 6 - Phantoms : 2.
18:44 of 3rd period - Joe Snively wins face-off versus Aleksi Saarela in neutral zone.
19:16 of 3rd period - Rasmus Dahlin is hit by Riley Stillman and loses puck.
19:44 of 3rd period - David Kampf is hit by Martin Necas.
Goals for this period are 2 for Marlies vs 1 for Phantoms.
Shots for this period are 15 for Marlies vs 5 for Phantoms.